 Dungeon Crawl Stone Soup version 0.17-a0-1164-g0ba867e (webtiles) character file.

342 inmateoo the Charmwright (level 6, 0/50 HPs)
             Began as a Demigod Skald on May 29, 2015.
             Slain by Pikel
             ... wielding a +2 whip of electrocution
              (6 damage)
             ... on level 4 of the Dungeon.
             The game lasted 00:09:23 (3928 turns).

inmateoo the Charmwright (Demigod Skald)            Turns: 3928, Time: 00:09:23

Health: 0/50       AC:  8    Str: 15    XL:     6   Next: 8%
Magic:  12/12      EV: 10    Int: 20    God:
Gold:   193        SH:  0    Dex: 15    Spells: 3 memorised, 5 levels left

rFire  . . .     SeeInvis .     b - +0 flail
rCold  . . .     Clarity  .     f - +0 scale mail {MR+}
rNeg   . . .     SustAt   +     (no shield)
rPois  .         Gourm    +     k - +1 hat
rElec  .         Spirit   .     (no cloak)
rCorr  .         Warding  .     j - +0 pair of gloves (curse)
rMut   .         Stasis   .     (no boots)
MR     +....                    r - amulet of the gourmand
Stlth  ..........               (no ring)
                                (no ring)

@: somewhat resistant to hostile enchantments, extremely unstealthy
A: high mp 1, sustain attributes
a: no special abilities


You were on level 4 of the Dungeon.
You were not hungry.

You visited 1 branch of the dungeon, and saw 4 of its levels.

You collected 193 gold pieces.

Inventory:

Hand weapons
 a - a +0 mace
 b - a +0 flail (weapon)
Armour
 f - a +0 scale mail of magic resistance (worn)
 j - a cursed +0 pair of gloves (worn)
 k - a +1 hat (worn)
 x - a +1 ring mail of poison resistance
Jewellery
 r - an amulet of the gourmand (around neck)
Magical devices
 o - a wand of polymorph (0)
 p - a wand of draining (0)
 q - a wand of polymorph (9)
Scrolls
 m - 2 scrolls of remove curse
 w - a scroll of teleportation
 y - a scroll of recharging
Potions
 e - 3 potions of magic
 h - 2 potions of resistance
 i - 2 potions of agility
 n - a potion of cancellation {unknown}
 t - a potion of brilliance {unknown}
 u - a potion of haste
 v - 2 potions of heal wounds {unknown}
Books
 c - a book of Battle

   Spells                             Type                      Level
   a - Infusion                       Charms                       1
   b - Shroud of Golubria             Charms/Translocation         2
   c - Song of Slaying                Charms                       2
   d - Spectral Weapon                Hexes/Charms                 3
   e - Regeneration                   Charms/Necromancy            3
Comestibles
 d - 2 bread rations
 g - 2 meat rations


   Skills:
 + Level 2.7 Fighting
 * Level 3.3 Maces & Flails
 + Level 2.2 Armour
 + Level 2.1 Dodging
 + Level 2.5 Spellcasting
 + Level 3.7 Charms


You had 5 spell levels left.
You knew the following spells:

 Your Spells              Type           Power        Failure   Level  Hunger
a - Infusion              Chrm           ###...       14%         1    None
b - Song of Slaying       Chrm           ###.....     21%         2    ##.....
c - Shroud of Golubria    Chrm/Tloc      ##........   38%         2    ##.....


Dungeon Overview and Level Annotations

Branches:
Dungeon (4/15)             Temple (0/1) D:4

Annotations:
D:4 Pikel


Innate Abilities, Weirdness & Mutations

You have an increased reservoir of magic (+10% MP).
Your attributes are resistant to harm.


Message History

Pikel is almost dead.
The slave completely misses you. Pikel hits you but does no damage.
The slave hits you but does no damage.
You barely miss Pikel.
Pikel is almost dead.
Pikel hits you but does no damage. The slave hits you.
You hit Pikel but do no damage.
Pikel is almost dead.
Pikel hits you but does no damage.
You are electrocuted!
* * * LOW HITPOINT WARNING * * *
The slave hits you but does no damage.
You closely miss Pikel.
Pikel is almost dead.
You feel less woody.
Your +1 hat unmelds from your body.
Your cursed +0 pair of gloves unmelds from your body.
Your +0 scale mail of magic resistance unmelds from your body.
You feel resistant to hostile enchantments.
Pikel hits you with a whip of electrocution.
You die...

#.#
#.#<#.#.#.#........#
#p#
#.#...).#.#........#
#.#
#.#.#.#............#
#.#
#(#.#........#######
#.# #.#.###......#
#.# #............#
#.#####.###......#
#.....#.# #pK....#
#####.#.# #.@....#
#.#.##########
#..........#
#......###.#
#......# #......#
#......# #......#
#......#


You could see Pikel and a slave.

Vanquished Creatures
  2 slaves (D:4)
  A phantom (D:4)
  A brain worm (D:4)
  A hound (D:4)
  2 orc wizards (D:3)
  A worker ant (D:4)
  4 adders
  A giant eyeball (D:3)
  An ooze (D:4)
  2 adder skeletons (D:4)
  6 giant geckos
  13 orcs
  A ball python (D:2)
  11 bats
  2 giant cockroaches (D:1)
  9 hobgoblins
  A jackal (D:2)
  10 kobolds
  4 giant newts
  9 goblins
  A quokka skeleton (D:4)
  7 rats
90 creatures vanquished.

Notes
Turn   | Place    | Note
--------------------------------------------------------------
     0 | D:1      | inmateoo the Demigod Skald began the quest for the Orb.
     0 | D:1      | Reached XP level 1. HP: 17/17 MP: 5/5
    51 | D:1      | Reached skill level 1 in Armour
    51 | D:1      | Reached skill level 1 in Dodging
   304 | D:1      | Reached XP level 2. HP: 19/24 MP: 7/7
   422 | D:1      | Learned a level 2 spell: Song of Slaying
   789 | D:2      | Reached skill level 3 in Charms
   806 | D:2      | Reached XP level 3. HP: 22/29 MP: 8/8
  1054 | D:2      | Found a radiant altar of Vehumet.
  1383 | D:3      | Found an ancient bone altar of Kikubaaqudgha.
  1389 | D:3      | Paralysed by a giant eyeball for 4 turns
  1653 | D:3      | Reached XP level 4. HP: 12/37 MP: 9/9
  2170 | D:4      | Learned a level 2 spell: Shroud of Golubria
  2240 | D:4      | Noticed a phantom
  2467 | D:4      | Reached XP level 5. HP: 36/42 MP: 11/11
  2590 | D:4      | Killed a phantom
  3256 | D:4      | Found a staircase to the Ecumenical Temple.
  3367 | D:4      | Reached XP level 6. HP: 46/50 MP: 12/12
  3645 | D:4      | Noticed a slave
  3645 | D:4      | Noticed a slave
  3645 | D:4      | Noticed a slave
  3646 | D:4      | Noticed Pikel
  3646 | D:4      | Noticed a slave
  3733 | D:4      | Killed a slave
  3831 | D:4      | a slave changed into a brain worm
  3881 | D:4      | Killed a slave
  3928 | D:4      | Slain by Pikel

Vault maps used:
D:1:      eino_arrival_water_star
D:2:      nicolae_overflow_hidden_temple, first_bread, minmay_ruptured
D:3:      lemuel_round_altar
D:4:      minmay_temple_entry_junction, uniq_pikel

Action                   |  1- 3 |  4- 6 || total
-------------------------+-------+-------++-------
Melee: Mace              |   204 |    19 ||   223
       Flail             |       |   157 ||   157
       Unarmed           |       |    26 ||    26
Evoke: Wand              |     1 |     8 ||     9
  Use: Scroll            |    10 |     1 ||    11
       Potion            |       |     1 ||     1
  Eat: Chunk             |     3 |     6 ||     9
       Beef jerky        |       |     1 ||     1
